 Dungeon Crawl Stone Soup version 0.29-a0-362-g5854e031c7 (webtiles) character file.

Game seed: 7144720320033444800

119 spaghetti the Chucker (level 5, 0/37 HPs)
             Began as a Gnoll Wanderer on Apr 30, 2022.
             Slain by a gnoll
             ... wielding a +0 spear
              (4 damage)
             ... on level 3 of the Dungeon.
             The game lasted 00:05:49 (3112 turns).

spaghetti the Chucker (Gnoll Wanderer)              Turns: 3112, Time: 00:05:49

Health: 0/37       AC:  2    Str: 11    XL:     5   Next: 3%
Magic:  0/9        EV: 12    Int: 11    God:
Gold:   172        SH:  6    Dex: 14    Spells: 7/10 levels left

rFire   . . .      SeeInvis .   a - +2 dagger {short}
rCold   . . .      Faith    .   c - +1 buckler
rNeg    . . .      Spirit   .   e - +0 robe
rPois   .          Reflect  .   (no helmet)
rElec   .          Harm     .   (no cloak)
rCorr   .          Rampage  .   (no gloves)
Will    .....                   (no boots)
Stlth   ++........              (no amulet)
HPRegen 0.12/turn               (no ring)
MPRegen 0.11/turn               (no ring)

@: no status effects
A: fangs 1, strong nose, distributed training
a: no special abilities


You were on level 3 of the Dungeon.
You visited 1 branch of the dungeon, and saw 3 of its levels.

You collected 172 gold pieces.


Innate Abilities, Weirdness & Mutations

You have very sharp teeth.
Your uncanny sense of smell can sniff out nearby items.
Your experience applies equally to all skills.


   Skills:
 + Level 1.3 Fighting
 + Level 1.3 Short Blades
 + Level 1.3 Long Blades
 + Level 1.3 Axes
 + Level 1.3 Maces & Flails
 + Level 1.3 Polearms
 + Level 1.3 Staves
 + Level 1.3 Slings
 + Level 1.3 Bows
 + Level 1.3 Crossbows
 + Level 6.6 Throwing
 + Level 2.8 Armour
 + Level 2.8 Dodging
 + Level 1.3 Stealth
 + Level 4.7 Shields
 + Level 1.3 Unarmed Combat
 + Level 3.1 Spellcasting
 + Level 1.0 Conjurations
 + Level 1.0 Hexes
 + Level 1.0 Summonings
 + Level 1.0 Necromancy
 + Level 1.0 Translocations
 + Level 1.0 Transmutations
 + Level 1.0 Fire Magic
 + Level 1.0 Ice Magic
 + Level 1.0 Air Magic
 + Level 1.0 Earth Magic
 + Level 2.3 Poison Magic
 + Level 3.0 Invocations
 + Level 1.3 Evocations


You had 7 spell levels left.
You knew the following spells:

 Your Spells              Type           Power      Damage    Failure   Level
a - Sting                 Tmut/Pois      20%        1d4       17%         1
b - Blink                 Tloc           8%         N/A       32%         2

Your spell library contained the following spells:

 Spells                   Type           Power      Damage    Failure   Level
 Corpse Rot               Necr/Air       8%         N/A       32%         2
 Ensorcelled Hibernation  Hex/Ice        8%         N/A       32%         2
 Spider Form              Tmut/Pois      5%         N/A       45%         3
 Ignite Poison            Fire/Tmut/Pois 4%         N/A       47%         3
 Confusing Touch          Hex            4%         N/A       54%         3
 Anguish                  Hex/Necr       2%         N/A       91%         4
 Dispel Undead            Necr           4%         3d7       91%         4
 Manifold Assault         Tloc           4%         N/A       99%         5
 Yara's Violent Unravell  Hex/Tmut       2%         3d3       99%         5
 Death Channel            Necr           2%         N/A       100%        6
 Enfeeble                 Hex            2%         N/A       100%        7
 Storm Form               Tmut/Air       2%         N/A       100%        7
 Chain Lightning          Conj/Air       2%         3d2       100%        9
 Fire Storm               Conj/Fire      2%         8d1       100%        9
 Shatter                  Erth           2%         3d6*      100%        9

Inventory:

Hand Weapons
 a - a +2 dagger (weapon) {short}
Missiles
 b - 93 stones (quivered) {throwing}
Armour
 c - a +1 buckler (worn)
 e - a +0 robe (worn)
 f - a +0 pair of gloves of hurling
   (You found it on level 1 of the Dungeon)
Jewellery
 h - a ring of flight
   (You found it on level 1 of the Dungeon)
Scrolls
 g - 2 scrolls of fog
Potions
 d - a potion of brilliance

Dungeon Overview and Level Annotations

Branches:
Dungeon (3/15)

Altars:

## #..... #....# .###......
#....#
..#.......#########....####
..#...........(.(#......#..
..'..........(...'......'..
..#....(((()()...#KK....#.
..#....(..#########....##
.###......).....g.#....# ##
#.....#((((K@.#....#
####################''###########
≈≈≈≈≈≈≈≈≈≈≈≈≈≈≈≈≈≈......≈≈≈≈≈≈≈≈≈
≈≈≈≈≈≈≈≈≈≈≈≈≈≈≈≈≈≈≈.....≈≈≈≈≈≈≈≈≈
≈≈≈≈≈≈≈≈≈≈≈≈≈≈≈≈≈≈......≈≈≈≈≈≈≈≈≈
...≈.≈≈.≈≈≈≈≈.≈≈≈≈.....≈.≈≈.≈≈≈≈≈
.................................
.................................
..........###.##.##..#####..^###.


You could see a gnoll (very poisoned) and a kobold.


Message History

It is a scroll of enchant armour.
Your +0 buckler glows green for a moment.
The gnoll hits you from afar with a +0 spear. 😮 HP[-3]
You take 3 damage, and now have 17/32 hp.
The gnoll barely misses you. The gnoll hits you with a +0 spear.
* * * LOW HITPOINT WARNING * * *
😨 HP[-5]
You take 5 damage, and now have 12/32 hp.
Okay, then.
Okay, then.
Casting: Sting (safe; 17% risk of failure)
Confirm with . or Enter, or press ? or * to list all spells.
Aiming: Sting (safe; 17% risk of failure)
Press: ? - help, Shift-Dir - straight line, f/p - gnoll
Aim: a gnoll, wielding a +0 spear (moderately wounded, 72% to hit)
Okay, then.
Unknown command.
Casting: Sting (safe; 17% risk of failure)
Confirm with . or Enter, or press ? or * to list all spells.
Okay, then.
Casting: Sting (safe; 17% risk of failure)
Confirm with . or Enter, or press ? or * to list all spells.
Aiming: Sting (safe; 17% risk of failure)
Press: ? - help, Shift-Dir - straight line, f/p - gnoll
Aim: a gnoll, wielding a +0 spear (moderately wounded, 72% to hit)
The sting hits the gnoll but does no damage.
The gnoll is poisoned.
You block the gnoll's attack. The gnoll hits you with a +0 spear.
* * * LOW HITPOINT WARNING * * *
😱 HP[-5] MP[-1]
You take 5 damage, and now have 7/32 hp.
You lost 1 mp, and now have 7/8 mp.
Casting: Sting (safe; 17% risk of failure)
Confirm with . or Enter, or press ? or * to list all spells.
Aiming: Sting (safe; 17% risk of failure)
Press: ? - help, Shift-Dir - straight line, f/p - gnoll
Aim: a gnoll, wielding a +0 spear (moderately wounded, poisoned, 72% to hit)
The sting hits the gnoll.
The gnoll looks even sicker.
The gnoll barely misses you. The gnoll hits you with a +0 spear.
* * * LOW HITPOINT WARNING * * *
😱 HP[-4] MP[-1]
You take 4 damage, and now have 3/32 hp.
You lost 1 mp, and now have 6/8 mp.
Unknown command.
Unknown command.
Casting: Sting (safe; 17% risk of failure)
Confirm with . or Enter, or press ? or * to list all spells.
Aiming: Sting (safe; 17% risk of failure)
Press: ? - help, Shift-Dir - straight line, f/p - gnoll
Aim: a gnoll, wielding a +0 spear (moderately wounded, very poisoned, 72% to hit)
The sting hits the gnoll.
The gnoll looks even sicker.
You block the gnoll's attack.
The gnoll completely misses you. 😱 MP[-1]
You lost 1 mp, and now have 5/8 mp.
Unknown command.
Casting: Sting (safe; 17% risk of failure)
Confirm with . or Enter, or press ? or * to list all spells.
Aiming: Sting (safe; 17% risk of failure)
Press: ? - help, Shift-Dir - straight line, f/p - gnoll
Aim: a gnoll, wielding a +0 spear (severely wounded, very poisoned, 72% to hit)
The sting hits the gnoll.
The gnoll looks as sick as possible!
You kill the gnoll!
The gnoll barely misses you.
The kobold throws a stone.
You block the stone.
Your Invocations skill increases to level 3!
You have reached level 5! 😱 HP[+1] MP[-1]
You now have 37 max hp (+5).
Casting: Sting (safe; 17% risk of failure)
Confirm with . or Enter, or press ? or * to list all spells.
Aiming: Sting (safe; 17% risk of failure)
Press: ? - help, Shift-Dir - straight line, f - gnoll
Aim: a gnoll, wielding a +0 spear (72% to hit)
The sting hits the gnoll.
The gnoll is poisoned. 😱 MP[-1]
You lost 1 mp, and now have 3/9 mp.
Casting: Sting (safe; 17% risk of failure)
Confirm with . or Enter, or press ? or * to list all spells.
Aiming: Sting (safe; 17% risk of failure)
Press: ? - help, Shift-Dir - straight line, f/p - gnoll
Aim: a gnoll, wielding a +0 spear (lightly wounded, poisoned, 72% to hit)
The sting hits the gnoll.
The gnoll looks even sicker.
The gnoll misses you. 😱 MP[-1]
You lost 1 mp, and now have 2/9 mp.
Casting: Sting (safe; 17% risk of failure)
Confirm with . or Enter, or press ? or * to list all spells.
Aiming: Sting (safe; 17% risk of failure)
Press: ? - help, Shift-Dir - straight line, f/p - gnoll
Aim: a gnoll, wielding a +0 spear (moderately wounded, very poisoned, 72% to hit)
The sting misses the gnoll.
The kobold barely misses you. You block the gnoll's attack. 😱 MP[-1]
You lost 1 mp, and now have 1/9 mp.
Casting: Sting (safe; 17% risk of failure)
Confirm with . or Enter, or press ? or * to list all spells.
Aiming: Sting (safe; 17% risk of failure)
Press: ? - help, Shift-Dir - straight line, f/p - gnoll
Aim: a gnoll, wielding a +0 spear (moderately wounded, very poisoned, 72% to hit)
The sting misses the gnoll.
The gnoll hits you with a +0 spear.
You die...

Skill      XL: |  1  2  3  4 |
---------------+-------------+-----
Poison Magic   | 2 |  2.3
Fighting       | 1 |  1.3
Short Blades   | 1 |  1.3
Long Blades    | 1 |  1.3
Axes           | 1 |  1.3
Maces & Flails | 1 |  1.3
Polearms       | 1 |  1.3
Staves         | 1 |  1.3
Slings         | 1 |  1.3
Bows           | 1 |  1.3
Crossbows      | 1 |  1.3
Stealth        | 1 |  1.3
Unarmed Combat | 1 |  1.3
Evocations     | 1 |  1.3
Spellcasting   | 3 |  3.1
Conjurations   | 1 |  1.0
Hexes          | 1 |  1.0
Summonings     | 1 |  1.0
Necromancy     | 1 |  1.0
Translocations | 1 |  1.0
Transmutations | 1 |  1.0
Fire Magic     | 1 |  1.0
Ice Magic      | 1 |  1.0
Air Magic      | 1 |  1.0
Earth Magic    | 1 |  1.0
Invocations    | 3 |  3.0
Throwing       | |  6.6
Armour         | |  2.8
Dodging        | |  2.8
Shields        | |  4.7

Action                   |  1- 3 |  4- 6 || total
-------------------------+-------+-------++-------
Melee: Dagger            |    54 |    19 ||    73
       Bite              |     6 |     2 ||     8
Throw: Stone             |    74 |    38 ||   112
       Dart              |     5 |     6 ||    11
 Cast: Sting             |     5 |    17 ||    22
  Use: Scroll            |     3 |     4 ||     7
       Potion            |       |     3 ||     3
Armor: Robe              |    12 |     7 ||    19
Dodge: Dodged            |    22 |    32 ||    54
Block: Buckler           |    19 |    22 ||    41

Levels and vault maps discovered:
D:1:      dpeg_arrival_more_subterranean_lakeside_camping, layout_rooms,
          grunt_decor_clamped, nrook_mini_backslash, serial_bayou_ford_a
D:2:      layout_loops_ring
D:3:      minmay_goblin_kobold_castle, layout_loops_corners, uniq_jessica

Notes
Turn   | Place    | Note
-------+----------+-------------------------------------------
     0 | D:1      | spaghetti the Gnoll Wanderer began the quest for the Orb.
     0 | D:1      | spaghetti set off with the following items: a +2 dagger
                  | {short}, 4 curare-tipped darts {=fthrowing}, a +0 buckler,
                  | a potion of brilliance, a +0 robe; and the following spell
                  | memorised: Sting; and the following spells available to
                  | memorise: Ignite Poison
     0 | D:1      | Reached XP level 1. HP: 13/13 MP: 4/4
     0 | D:1      | magus.rc [v1.9.6]
   255 | D:1      | Reached skill level 2 in Poison Magic
   299 | D:1      | Reached XP level 2. HP: 19/19 MP: 5/5
   429 | D:1      | You pick up a book of Misfortune and begin reading...
   429 | D:1      | You add the spells Confusing Touch, Yara's Violent
                  | Unravelling and Enfeeble to your library.
   988 | D:2      | You pick up a book of Annihilations and begin reading...
   988 | D:2      | You add the spells Chain Lightning, Fire Storm and Shatter
                  | to your library.
  1160 | D:2      | Reached XP level 3. HP: 25/25 MP: 7/7
  1896 | D:3      | Reached skill level 1 in Fighting
  1896 | D:3      | Reached skill level 1 in Short Blades
  1896 | D:3      | Reached skill level 1 in Long Blades
  1896 | D:3      | Reached skill level 1 in Axes
  1896 | D:3      | Reached skill level 1 in Maces & Flails
  1896 | D:3      | Reached skill level 1 in Polearms
  1896 | D:3      | Reached skill level 1 in Staves
  1896 | D:3      | Reached skill level 1 in Slings
  1896 | D:3      | Reached skill level 1 in Bows
  1896 | D:3      | Reached skill level 1 in Crossbows
  1896 | D:3      | Reached skill level 1 in Stealth
  1896 | D:3      | Reached skill level 1 in Unarmed Combat
  1896 | D:3      | Reached skill level 1 in Evocations
  1977 | D:3      | You add the spells Blink, Manifold Assault and Storm Form
                  | to your library.
  2078 | D:3      | Learned a level 2 spell: Blink
  2164 | D:3      | Reached XP level 4. HP: 32/32 MP: 8/8
  2259 | D:3      | You pick up a book of Dreams and begin reading...
  2259 | D:3      | You add the spells Ensorcelled Hibernation, Spider Form and
                  | Anguish to your library.
  2452 | D:3      | You pick up a book of Decay and begin reading...
  2452 | D:3      | You add the spells Corpse Rot, Dispel Undead and Death
                  | Channel to your library.
  2624 | D:3      | Reached skill level 3 in Spellcasting
  2807 | D:3      | Reached skill level 1 in Conjurations
  2807 | D:3      | Reached skill level 1 in Hexes
  2807 | D:3      | Reached skill level 1 in Summonings
  2807 | D:3      | Reached skill level 1 in Necromancy
  2807 | D:3      | Reached skill level 1 in Translocations
  2807 | D:3      | Reached skill level 1 in Transmutations
  2807 | D:3      | Reached skill level 1 in Fire Magic
  2807 | D:3      | Reached skill level 1 in Ice Magic
  2807 | D:3      | Reached skill level 1 in Air Magic
  2807 | D:3      | Reached skill level 1 in Earth Magic
  2819 | D:3      | HP: 6/32 [kobold/+0 club (4)]
  2824 | D:3      | HP: 8/32 [kobold/+0 club (3)]
  2829 | D:3      | HP: 6/32 [kobold/+0 club (1)]
  2835 | D:3      | HP: 2/32 [kobold/+0 club (3)]
  3105 | D:3      | HP: 7/32 [gnoll/+0 spear (5)]
  3106 | D:3      | HP: 3/32 [gnoll/+0 spear (4)]
  3109 | D:3      | Reached skill level 3 in Invocations
  3109 | D:3      | Reached XP level 5. HP: 4/37 MP: 4/9
  3112 | D:3      | Slain by a gnoll

Vanquished Creatures
  4 gnolls (D:3)
  3 adders
  A dart slug (D:1)
  2 bats
  4 endoplasms
  2 giant cockroaches (D:2)
  3 goblins
  3 hobgoblins
  2 jackals (D:1)
  16 kobolds
  2 quokkas
  3 ball pythons
  4 rats
49 creatures vanquished.

Table legend:
 A = Non-vault XP
 B = Vault XP
 C = Vault XP percentage of total XP
 D = Non-vault monster count
 E = Vault monster count
 F = Vault count percentage of total count
                 A         B        C        D         E       F
            +---------+---------+-------+---------+---------+-------
      Total |      93 |      78 |  45.6 |      33 |      16 |  32.7
            +---------+---------+-------+---------+---------+-------
        D:1 |      22 |       0 |   0.0 |      12 |       0 |   0.0
        D:2 |      33 |       0 |   0.0 |      12 |       0 |   0.0
        D:3 |      38 |      78 |  67.2 |       9 |      16 |  64.0
            +---------+---------+-------+---------+---------+-------

Illustrated notes

Table legend:
 A = Kills in this place as a percentage of kills in entire the game.
 B = Kills by you in this place as a percentage of kills by you in the entire game.
 C = Kills by friends in this place as a percentage of kills by friends in the entire game.
 D = Other kills in this place as a percentage of other kills in the entire game.
 E = Experience gained in this place as a percentage of experience gained in the entire game.
 F = Experience gained in this place divided by the number of levels of this place that you have seen.
                   A       B       C       D       E      F
               +-------+-------+-------+-------+-------+----------------------
         Total | 100.0 | 100.0 |   N/A |   N/A | 100.0 |  57.0
       Dungeon | 100.0 | 100.0 |   N/A |   N/A | 100.0 |  57.0
               +-------+-------+-------+-------+-------+----------------------

Table legend: (Time is in decaauts)
 A = Elapsed time spent in this place.
 B = Non-inter-level travel time spent in this place.
 C = Inter-level travel time spent in this place.
 D = Time resting spent in this place.
 E = Time spent auto-exploring this place.
 F = Levels seen in this place.
 G = Mean time per level.
                   A        B        C        D        E       F      G
               +--------+--------+--------+--------+--------+-----+--------+
         Total |   3099 |   3013 |     86 |    410 |   2230 |   3 | 1033.0 |
       Dungeon |   3099 |   3013 |     86 |    410 |   2230 |   3 | 1033.0 |
               +--------+--------+--------+--------+--------+-----+--------+

Top non-repeatable levels by time:
     D:3: 1393 daAuts
     D:1: 884 daAuts
     D:2: 821 daAuts
